NYP
HUDSON VALLEY RENEGADES @ VANCOUVER CANADIANS
08/18/2047
 
TOP OF THE 1ST
Hudson Valley Renegades batting - Pitching for Vancouver Canadians : RHP John York
Pitching: RHP John York
Batting: LHB Jonathan Spino 0-0: Called Strike
0-1: Ball
1-1: Called Strike
1-2: Strikes out swinging
Batting: SHB Josif Popovski 0-0: Called Strike
0-1: Swinging Strike
0-2: Strikes out swinging
Batting: LHB Eric Toney 0-0: Foul Ball, location: 2F
0-1: Ball
1-1: Called Strike
1-2: Strikes out swinging
Top of the 1st over - 0 runs, 0 hits, 0 errors, 0 left on base; Hudson Valley 0 - Vancouver 0
BOTTOM OF THE 1ST
Vancouver Canadians batting - Pitching for Hudson Valley Renegades : LHP Julian Roe
Pitching: LHP Julian Roe
Batting: RHB Stephen Casteel 0-0: Called Strike
0-1: Swinging Strike
0-2: SINGLE (Line Drive, 6D, EV 96.2 MPH)
Batting: RHB Justin Geiger 0-0: Ball
1-0: Ball
2-0: Called Strike
2-1: Fly out, F8 (Line Drive, 8LM, EV 88.8 MPH)
Batting: LHB Devin Huber 0-0: Ball
Stephen Casteel is caught stealing 2nd base 2-6
1-0: Ball
2-0: Ball
3-0: Called Strike
3-1: Called Strike
3-2: Strikes out looking
Bottom of the 1st over - 0 runs, 1 hit, 0 errors, 0 left on base; Hudson Valley 0 - Vancouver 0
TOP OF THE 2ND
Hudson Valley Renegades batting - Pitching for Vancouver Canadians : RHP John York
Batting: LHB Rocky Crowley 0-0: SINGLE (Groundball, 6MD, EV 101.9 MPH)
Batting: RHB Nelle Lommen 0-0: Called Strike
0-1: Called Strike
0-2: Foul Ball, location: 2F
0-2: TRIPLE (Line Drive, 89XD, EV 99.4 MPH)
Rocky Crowley scores
Batting: RHB Dave Galloway 0-0: Called Strike
0-1: Fly out, F8 (Flyball, 89M, EV 97.5 MPH)
Batting: LHB Alex Genao 0-0: Ground out 6-3 (Groundball, 6, EV 90.6 MPH)
Nelle Lommen scores
Batting: LHB Tony Zizumbo 0-0: Called Strike
0-1: Ball
1-1: Ball
2-1: SINGLE (Groundball, 6S, EV 65.6 MPH) (infield hit)
Batting: RHB Evan Chalarian 0-0: Ball
1-0: Ball
2-0: Called Strike
2-1: Ground out 4-3 (Groundball, 34, EV 105.0 MPH)
Top of the 2nd over - 2 runs, 3 hits, 0 errors, 1 left on base; Hudson Valley 2 - Vancouver 0
BOTTOM OF THE 2ND
Vancouver Canadians batting - Pitching for Hudson Valley Renegades : LHP Julian Roe
Batting: RHB Luis Gomez 0-0: Swinging Strike
0-1: Ball
1-1: Called Strike
1-2: Strikes out looking
Batting: RHB John Hering 0-0: Called Strike
0-1: Ball
1-1: Called Strike
1-2: Strikes out swinging
Batting: RHB Jose Ontiveros 0-0: Ball
1-0: Ball
2-0: Fly out, F8 (Flyball, 8RM, EV 89.4 MPH)
Bottom of the 2nd over - 0 runs, 0 hits, 0 errors, 0 left on base; Hudson Valley 2 - Vancouver 0
TOP OF THE 3RD
Hudson Valley Renegades batting - Pitching for Vancouver Canadians : RHP John York
Batting: LHB Jonathan Spino 0-0: Foul Ball, location: 2F
0-1: Ball
1-1: Ball
2-1: Ball
3-1: Called Strike
3-2: Foul Ball, location: 2F
3-2: Ground out 6-3 (Groundball, 4MS, EV 70.0 MPH)
Batting: SHB Josif Popovski 0-0: DOUBLE (Line Drive, 9LS, EV 103.1 MPH)
Batting: LHB Eric Toney 0-0: Ball
1-0: Ball
2-0: Called Strike
2-1: Foul Ball, location: 2F
2-2: Ball
3-2: Foul Ball, location: 2F
3-2: Strikes out looking
Batting: LHB Rocky Crowley 0-0: Ground out 6-3 (Groundball, 6, EV 86.2 MPH)
Top of the 3rd over - 0 runs, 1 hit, 0 errors, 1 left on base; Hudson Valley 2 - Vancouver 0
BOTTOM OF THE 3RD
Vancouver Canadians batting - Pitching for Hudson Valley Renegades : LHP Julian Roe
Batting: RHB Jamie Ogilvie 0-0: Ball
1-0: Ball
2-0: Foul Ball, location: 2F
2-1: Foul Ball, location: 2F
2-2: Strikes out looking
Batting: RHB Shunsuke Shiba Inu 0-0: SINGLE (Flyball, 89S, EV 96.9 MPH)
Batting: RHB Mike Johnson 0-0: Swinging Strike
0-1: Ball
1-1: Foul Ball, location: 2F
1-2: Strikes out looking
Batting: RHB Stephen Casteel 0-0: Called Strike
0-1: Called Strike
0-2: Ground out 4-3 (Groundball, 4MS, EV 90.6 MPH)
Bottom of the 3rd over - 0 runs, 1 hit, 0 errors, 1 left on base; Hudson Valley 2 - Vancouver 0
TOP OF THE 4TH
Hudson Valley Renegades batting - Pitching for Vancouver Canadians : RHP John York
Batting: RHB Nelle Lommen 0-0: Called Strike
0-1: Ball
1-1: Foul Ball, location: 2F
1-2: Strikes out swinging
Batting: RHB Dave Galloway 0-0: Ball
1-0: Ball
2-0: Ball
3-0: Called Strike
3-1: Foul Ball, location: 2F
3-2: Foul Ball, location: 2F
3-2: Ground out 6-3 (Groundball, 56, EV 88.8 MPH)
Batting: LHB Alex Genao 0-0: SINGLE (Groundball, 56D, EV 106.2 MPH)
Batting: LHB Tony Zizumbo 0-0: Called Strike
0-1: Called Strike
Pickoff Throw to First - Out! 1-3 CS
Top of the 4th over - 0 runs, 1 hit, 0 errors, 0 left on base; Hudson Valley 2 - Vancouver 0
BOTTOM OF THE 4TH
Vancouver Canadians batting - Pitching for Hudson Valley Renegades : LHP Julian Roe
Batting: RHB Justin Geiger 0-0: Called Strike
0-1: Ball
1-1: SINGLE (Line Drive, 7S, EV 86.2 MPH)
Batting: LHB Devin Huber 0-0: SINGLE (Groundball, 4MD, EV 102.5 MPH)
Justin Geiger to second
Batting: RHB Luis Gomez 0-0: Called Strike
0-1: SINGLE (Line Drive, 8RS, EV 90.0 MPH)
Justin Geiger to third
Devin Huber to second
Runner from 3rd tries for Home, SAFE, throw by CF to home
Batting: RHB John Hering 0-0: Called Strike
0-1: Foul Ball, location: 2F
0-2: Ball
1-2: Reached on error, E1 (Groundball, P, EV 71.2 MPH)
Devin Huber to third
Luis Gomez to second
Batting: RHB Jose Ontiveros 0-0: Called Strike
0-1: Ball
1-1: Swinging Strike
1-2: Strikes out swinging
Batting: RHB Jamie Ogilvie 0-0: Called Strike
0-1: Ball
1-1: Fielders Choice at 2nd, 5-4 (Groundball, 56, EV 83.8 MPH)
Devin Huber scores
Luis Gomez to third
Batting: RHB Shunsuke Shiba Inu 0-0: Ball
1-0: Ball
2-0: Called Strike
2-1: TRIPLE (Flyball, 89XD, EV 106.2 MPH)
Luis Gomez scores
Jamie Ogilvie scores
Batting: RHB Mike Johnson 0-0: Ball
1-0: Called Strike
1-1: Ground out 5-3 (Groundball, 56S, EV 90.0 MPH)
Bottom of the 4th over - 4 runs, 4 hits, 1 error, 1 left on base; Hudson Valley 2 - Vancouver 4
TOP OF THE 5TH
Hudson Valley Renegades batting - Pitching for Vancouver Canadians : RHP John York
Batting: LHB Tony Zizumbo 0-0: Called Strike
0-1: Called Strike
0-2: Ball
1-2: Ball
2-2: Strikes out swinging
Batting: RHB Evan Chalarian 0-0: Ball
1-0: Ball
2-0: Swinging Strike
2-1: Ball
3-1: SINGLE (Groundball, 5D, EV 98.8 MPH)
Batting: LHB Jonathan Spino 0-0: Ball
Evan Chalarian steals 2nd base
1-0: Ball
2-0: Ground out 6-3 (Groundball, 6M, EV 84.4 MPH)
Evan Chalarian to third
Batting: SHB Josif Popovski 0-0: Ball
1-0: Ground out 6-3 (Groundball, 6, EV 77.5 MPH)
Top of the 5th over - 0 runs, 1 hit, 0 errors, 1 left on base; Hudson Valley 2 - Vancouver 4
BOTTOM OF THE 5TH
Vancouver Canadians batting - Pitching for Hudson Valley Renegades : LHP Julian Roe
Batting: RHB Stephen Casteel 0-0: Swinging Strike
0-1: Ball
1-1: Foul Ball, location: 2F
1-2: TRIPLE (Flyball, 78XD, EV 108.8 MPH)
Batting: RHB Justin Geiger 0-0: Foul Ball, location: 2F
0-1: Called Strike
0-2: Strikes out swinging
Batting: LHB Devin Huber 0-0: Ball
1-0: Foul Ball, location: 2F
1-1: Ball
2-1: Called Strike
2-2: 2-RUN HOME RUN (Flyball, 89XD, EV 102.5 MPH), Distance : 385 ft
Pitching: RHP Eddie Aguirre
Batting: RHB Luis Gomez 0-0: Called Strike
0-1: Called Strike
0-2: Ball
1-2: Ball
2-2: Ball
3-2: Foul Ball, location: 2F
3-2: Base on Balls
Batting: RHB John Hering 0-0: Called Strike
0-1: Ball
Luis Gomez steals 2nd base
1-1: DOUBLE (Line Drive, 3D, EV 108.1 MPH)
Luis Gomez scores
Batting: RHB Jose Ontiveros 0-0: Foul Ball, location: 2F
0-1: Foul Ball, location: 2F
0-2: Ball
1-2: Foul Ball, location: 2F
1-2: Ground out 6-3 (Groundball, 6, EV 90.0 MPH)
John Hering to third
Batting: RHB Jamie Ogilvie 0-0: Ball
1-0: Ball
2-0: Called Strike
2-1: Ball
3-1: Base on Balls
Batting: RHB Shunsuke Shiba Inu 0-0: Ball
1-0: SINGLE (Groundball, 34D, EV 98.1 MPH)
John Hering scores
Jamie Ogilvie to second
Runner from 2nd tries for 3rd, SAFE, no throw by RF
Batting: RHB Mike Johnson 0-0: Ball
1-0: Called Strike
1-1: Swinging Strike
1-2: Fly out, F6 (Popup, P, EV 75.6 MPH)
Bottom of the 5th over - 4 runs, 4 hits, 0 errors, 2 left on base; Hudson Valley 2 - Vancouver 8
TOP OF THE 6TH
Hudson Valley Renegades batting - Pitching for Vancouver Canadians : RHP John York
Pitching: RHP Young-ghil Sohn
Batting: LHB Eric Toney 0-0: Fly out, F1 (Popup, P, EV 83.1 MPH)
Batting: LHB Rocky Crowley 0-0: Ball
1-0: Called Strike
1-1: Foul Ball, location: 2F
1-2: Fly out, F1 (Line Drive, P, EV 70.0 MPH)
Batting: RHB Nelle Lommen 0-0: Ball
1-0: SINGLE (Groundball, 4S, EV 74.4 MPH) (infield hit)
Batting: RHB Dave Galloway 0-0: Ball
1-0: Called Strike
1-1: Called Strike
1-2: Ball
2-2: Strikes out swinging
Top of the 6th over - 0 runs, 1 hit, 0 errors, 1 left on base; Hudson Valley 2 - Vancouver 8
BOTTOM OF THE 6TH
Vancouver Canadians batting - Pitching for Hudson Valley Renegades : RHP Eddie Aguirre
Batting: RHB Stephen Casteel 0-0: Called Strike
0-1: Swinging Strike
0-2: Ball
1-2: Foul Ball, location: 2F
1-2: Ball
2-2: Ball
3-2: Base on Balls
Batting: RHB Justin Geiger 0-0: Called Strike
0-1: Ball
1-1: Ball
2-1: Foul Ball, location: 2F
2-2: SINGLE (Groundball, 4M, EV 103.8 MPH) (infield hit)
Stephen Casteel to second
Batting: LHB Devin Huber 0-0: Foul Ball, location: 2F
0-1: Called Strike
0-2: Ball
1-2: Strikes out looking
Batting: RHB Luis Gomez 0-0: Called Strike
Stephen Casteel steals 3rd base
Justin Geiger to second
0-1: Called Strike
0-2: Foul Ball, location: 2F
0-2: Ball
Passed Ball!
Stephen Casteel scores
Justin Geiger to third
1-2: Ball
2-2: Strikes out swinging
Batting: RHB John Hering 0-0: Swinging Strike
0-1: Swinging Strike
0-2: Strikes out swinging
Bottom of the 6th over - 1 run, 1 hit, 0 errors, 1 left on base; Hudson Valley 2 - Vancouver 9
TOP OF THE 7TH
Hudson Valley Renegades batting - Pitching for Vancouver Canadians : RHP Young-ghil Sohn
Pinch Hitting: RHB Jesus Carrillo 0-0: Swinging Strike
0-1: SINGLE (Groundball, 34D, EV 100.0 MPH)
Batting: LHB Tony Zizumbo 0-0: Ball
1-0: DOUBLE (Line Drive, 78D, EV 113.1 MPH)
Jesus Carrillo to third
Batting: RHB Evan Chalarian 0-0: Called Strike
0-1: Swinging Strike
0-2: Ground out 4-3 (Groundball, 4M, EV 107.5 MPH)
Jesus Carrillo scores
Tony Zizumbo to third
Batting: LHB Jonathan Spino 0-0: Swinging Strike
0-1: Called Strike
0-2: Ball
1-2: Foul Ball, location: 2F
1-2: Ball
2-2: Ground out 5-3 (Groundball, 56S, EV 88.8 MPH)
Tony Zizumbo scores
Batting: SHB Josif Popovski 0-0: Called Strike
0-1: Ball
1-1: Foul Ball, location: 2F
1-2: Ball
2-2: Foul Ball, location: 2F
2-2: Foul Ball, location: 2F
2-2: Ground out 5-3 (Groundball, 5L, EV 85.6 MPH)
Top of the 7th over - 2 runs, 2 hits, 0 errors, 0 left on base; Hudson Valley 4 - Vancouver 9
BOTTOM OF THE 7TH
Vancouver Canadians batting - Pitching for Hudson Valley Renegades : RHP Eddie Aguirre
Now at 2B: Jesus Carrillo
Batting: RHB Jose Ontiveros 0-0: Ball
1-0: SOLO HOME RUN (Flyball, 7LD, EV 93.1 MPH), Distance : 355 ft
Pitching: RHP Suezo Nagai
Batting: RHB Jamie Ogilvie 0-0: Foul Ball, location: 2F
0-1: Ball
1-1: Foul Ball, location: 2F
1-2: Ball
2-2: Ball
3-2: Fly out, F8 (Flyball, 8LM, EV 85.6 MPH)
Batting: RHB Shunsuke Shiba Inu 0-0: Ball
1-0: Ground out 6-3 (Groundball, P, EV 80.6 MPH)
Batting: RHB Mike Johnson 0-0: Ball
1-0: Ball
2-0: Called Strike
2-1: Ball
3-1: Foul Ball, location: 2F
3-2: Ground out 5-3 (Groundball, 5S, EV 88.1 MPH)
Bottom of the 7th over - 1 run, 1 hit, 0 errors, 0 left on base; Hudson Valley 4 - Vancouver 10
TOP OF THE 8TH
Hudson Valley Renegades batting - Pitching for Vancouver Canadians : RHP Young-ghil Sohn
Batting: LHB Eric Toney 0-0: Ball
1-0: Ball
2-0: SINGLE (Line Drive, 78S, EV 92.5 MPH)
Batting: LHB Rocky Crowley 0-0: Ball
1-0: Foul Ball, location: 2F
1-1: SINGLE (Groundball, 4MS, EV 68.1 MPH) (infield hit)
Eric Toney to second
Batting: RHB Nelle Lommen 0-0: Ball
1-0: Called Strike
1-1: Ball
2-1: Ball
3-1: Foul Ball, location: 2F
3-2: Strikes out swinging
Batting: RHB Dave Galloway 0-0: Ball
1-0: Called Strike
1-1: Grounds into double play, 6-4-3 (Groundball, 6, EV 102.5 MPH)
Top of the 8th over - 0 runs, 2 hits, 0 errors, 1 left on base; Hudson Valley 4 - Vancouver 10
BOTTOM OF THE 8TH
Vancouver Canadians batting - Pitching for Hudson Valley Renegades : RHP Suezo Nagai
Batting: RHB Stephen Casteel 0-0: Called Strike
0-1: Foul Ball, location: 2F
0-2: SINGLE (Groundball, 5S, EV 73.8 MPH) (infield hit)
Batting: RHB Justin Geiger 0-0: Called Strike
0-1: Ball
1-1: Called Strike
Stephen Casteel steals 2nd base (no throw)
1-2: SINGLE (Line Drive, 9LS, EV 91.2 MPH)
Stephen Casteel to third
Batting: LHB Devin Huber 0-0: Ball
Justin Geiger steals 2nd base
1-0: Called Strike
1-1: Foul Ball, location: 2F
1-2: TRIPLE (Flyball, 78XD, EV 100.6 MPH)
Stephen Casteel scores
Justin Geiger scores
Pinch Hitting: RHB Taylor Peavey 0-0: Ball
1-0: Foul Ball, location: 2F
1-1: Ball
2-1: Foul Ball, location: 2F
2-2: Ball
3-2: Base on Balls
Batting: RHB John Hering 0-0: Foul Ball, location: 2F
0-1: Fly out, F9 (Flyball, 9S, EV 80.6 MPH)
Batting: RHB Jose Ontiveros 0-0: Called Strike
0-1: Swinging Strike
0-2: Fielders Choice at 2nd, 6-4 (Groundball, 6, EV 80.0 MPH)
Devin Huber scores
Pinch Hitting: RHB Josh Swartzentruber 0-0: Called Strike
0-1: Ball
1-1: Foul Ball, location: 2F
1-2: SINGLE (Groundball, 6MD, EV 97.5 MPH)
Jose Ontiveros to second
Runner from 2nd tries for 3rd, SAFE, throw by CF made to third
Batting: RHB Shunsuke Shiba Inu 0-0: Fly out, F4 (Popup, 34D, EV 56.9 MPH)
Bottom of the 8th over - 3 runs, 4 hits, 0 errors, 2 left on base; Hudson Valley 4 - Vancouver 13
TOP OF THE 9TH
Hudson Valley Renegades batting - Pitching for Vancouver Canadians : RHP Young-ghil Sohn
Now at 3B: Josh Swartzentruber
Now in RF: Scott Travis
Batting: RHB Jesus Carrillo 0-0: Called Strike
0-1: Ball
1-1: Ball
2-1: SINGLE (Groundball, 56D, EV 105.0 MPH)
Pitching: RHP Allen Vesey
Batting: LHB Tony Zizumbo 0-0: Ball
1-0: Ball
2-0: Called Strike
2-1: Grounds into double play, 4-6-3 (Groundball, 4, EV 85.0 MPH)
Batting: RHB Evan Chalarian 0-0: Ball
1-0: Ball
2-0: DOUBLE (Groundball, 5L, EV 98.1 MPH)
Pinch Hitting: RHB Eddie Zamora 0-0: Ball
1-0: Fly out, F9 (Line Drive, 9, EV 88.1 MPH)
Top of the 9th over - 0 runs, 2 hits, 0 errors, 1 left on base; Hudson Valley 4 - Vancouver 13
Thursday, December 15th , 2022 - OOTP Baseball 23.9 Build 102